 Dungeon Crawl Stone Soup version 0.16.1-18-g436b03c (webtiles) character file.

1047 Ladykiller69 the Shield-Bearer (level 8, 0/62 HPs)
             Began as a Formicid Fighter on Apr 24, 2015.
             Slain by an orc wizard
             ... wielding a +0 dagger
              (1 damage)
             ... on level 6 of the Dungeon.
             The game lasted 00:16:50 (4513 turns).

Ladykiller69 the Shield-Bearer (Formicid Fighter)   Turns: 4513, Time: 00:16:51

Health: 0/62       AC: 11    Str: 23    XL:     8   Next: 50%
Magic:  11/11      EV:  7    Int:  8    God:
Gold:   250        SH: 11    Dex: 10    Spells: 0 memorised, 7 levels left

rFire  . . .     SeeInvis +     a - +0 war axe
rCold  . . .     Clarity  .     r - +0 chain mail
rNeg   . . .     SustAb   .     c - +0 shield
rPois  .         Gourm    .     (helmet unavailable)
rElec  .         Spirit   .     (no cloak)
rCorr  .         Warding  .     B - +0 pair of gloves
rMut   .         Stasis   +     (no boots)
MR     .....                    (no amulet)
Stlth  ..........               (no ring)
                                (no ring)

@: not resistant to hostile enchantments, extremely unstealthy
A: permanent stasis, dig shafts and tunnels, four strong arms, antennae 3
a: Dig, Shaft Self


You were on level 6 of the Dungeon.
You were not hungry.

You visited 1 branch of the dungeon, and saw 6 of its levels.

You collected 250 gold pieces.

Inventory:

Hand weapons
 a - a +0 war axe (weapon)
Missiles
 u - 9 tomahawks (quivered)
 y - 6 javelins
Armour
 b - a +0 scale mail
 c - a +0 shield (worn)
 r - a +0 chain mail (worn)
 B - a +0 pair of gloves (worn)
 G - a +0 cloak
Jewellery
 i - an uncursed ring of positive energy {unknown}
 t - a cursed ring of teleportation {unknown}
 C - a cursed -4 ring of dexterity {unknown}
 I - the ring "Vaeklaz" {+Fly Str-4 Int+5, unknown}
   (You found it on level 5 of the Dungeon)

   [ring of flight]

   It affects your strength (-4).
   It affects your intelligence (+5).
   It lets you fly.
Magical devices
 F - a wand of frost (14)
Scrolls
 f - 4 scrolls of immolation {unknown}
 j - 2 scrolls of random uselessness {unknown}
 k - 4 scrolls of identify {unknown}
 l - 2 scrolls of enchant armour {unknown}
 m - 2 scrolls of noise {unknown}
 s - a scroll of silence {unknown}
 v - 3 scrolls of remove curse {unknown}
 w - 2 scrolls of recharging {unknown}
 z - a scroll of enchant weapon {unknown}
Potions
 e - a potion of might
 g - a potion of resistance {unknown}
 h - a potion of ambrosia {unknown}
 n - 5 potions of curing {unknown}
 o - 2 potions of poison {unknown}
 p - a potion of mutation {unknown}
 q - 3 potions of degeneration {unknown}
 x - a potion of restore abilities {unknown}
 A - 2 potions of heal wounds {unknown}
Comestibles
 d - 4 bread rations
 D - 2 royal jellies
 E - 2 chunks of flesh
 H - a meat ration
 J - a beef jerky
 K - 4 fruits


   Skills:
 - Level 5.0 Fighting
 + Level 5.6 Axes
 - Level 5.2 Armour
 - Level 0.1 Dodging
 * Level 7.8 Shields


You had 7 spell levels left.
You didn't know any spells.

Dungeon Overview and Level Annotations

Branches:
Dungeon (6/15)
 Temple: D:4-7

Altars:

Shops:
D:5 =(*}

Annotations:
D:4 Uberwunderbarhen's ghost, average GrFi


Innate Abilities, Weirdness & Mutations

You are under a permanent stasis effect.
You can dig through walls and to a lower floor.
Your four strong arms can wield two-handed weapons with a shield.
You have a pair of large antennae on your head (SInv).


Message History

The wight zaps a wand.
The bolt of fire hits you!
* * * LOW HITPOINT WARNING * * *
The orc wizard hits you with a dagger.
* * * LOW HITPOINT WARNING * * *
An orc wizard comes into view. It is wielding a dagger.
You hit the wight.
The wight is almost destroyed.
You hit the orc wizard but do no damage.
The orc wizard is moderately wounded.
You block the wight's attack. You block the orc wizard's attack.
The orc wizard casts a spell.
The orc wizard flickers and vanishes for a moment.
You completely miss the wight.
The wight is almost destroyed.
You closely miss the orc wizard.
The orc wizard is moderately wounded.
The wight zaps a wand.
The bolt of fire hits you!
* * * LOW HITPOINT WARNING * * *
The orc wizard hits you with a dagger.
You die...

. .# .# .# .# ##.###
(######...o{ ......gz.o#
#@####.# #......#
#..###.# #..# .##
#..###..# ###.# #.<.....#
..... #.##†##.##.#
#.#.###. #...≈.....>#
#.#.##...#####.##.##.####


You could see a wight, 2 orc wizards and a hobgoblin.

Vanquished Creatures
  An ogre (D:6)
  A sky beast (D:6)
  2 phantoms (D:4)
  Sigmund (D:3)
  A giant frog (D:3)
  A wight (D:5)
  A water moccasin skeleton (D:4)
  A giant frog zombie (D:6)
  A centaur skeleton (D:5)
  2 hounds
  An orc wizard (D:6)
  An orc priest (D:5)
  2 worker ants
  9 adders
  2 worms
  An ooze (D:2)
  24 orcs
  A ball python (D:3)
  2 giant cockroaches
  12 hobgoblins
  2 quokkas
  A ball python skeleton (D:4)
  6 bats
  2 giant geckos
  4 giant newts
  9 goblins
  9 jackals
  14 kobolds
  3 quokka skeletons
  11 rats
128 creatures vanquished.

Notes
Turn   | Place    | Note
--------------------------------------------------------------
     0 | D:1      | Ladykiller69, the Formicid Fighter, began the quest for the Orb.
     0 | D:1      | Reached XP level 1. HP: 18/18 MP: 1/1
   563 | D:2      | Reached XP level 2. HP: 24/24 MP: 3/3
   796 | D:2      | Reached skill level 4 in Shields
   909 | D:2      | Reached XP level 3. HP: 21/30 MP: 4/4
  1450 | D:3      | Reached XP level 4. HP: 37/37 MP: 5/5
  1500 | D:3      | Noticed Sigmund
  1521 | D:3      | Killed Sigmund
  1521 | D:3      | Reached XP level 5. HP: 23/42 MP: 7/7
  2112 | D:3      | Reached XP level 6. HP: 47/49 MP: 8/8
  2114 | D:3      | Noticed a giant frog
  2123 | D:3      | Killed a giant frog
  2123 | D:3      | Reached skill level 5 in Shields
  2282 | D:4      | Noticed Uberwunderbarhen's ghost (average GrFi)
  3006 | D:5      | Entered Level 5 of the Dungeon
  3059 | D:5      | Found Khagaica's Jewellery Emporium.
  3077 | D:5      | Found Skevum's Assorted Antiques.
  3281 | D:4      | Reached skill level 5 in Fighting
  3281 | D:4      | Reached XP level 7. HP: 40/56 MP: 9/9
  3297 | D:4      | Reached skill level 5 in Armour
  3451 | D:4      | Reached skill level 6 in Shields
  3766 | D:5      | Reached XP level 8. HP: 62/62 MP: 11/11
  3771 | D:5      | Found Kheistro's Gadget Shoppe.
  3858 | D:5      | Got a glittering steel ring
  3957 | D:5      | Found Guuhac's Antique Weapon Shoppe.
  4244 | D:6      | Reached skill level 5 in Axes
  4369 | D:5      | Reached skill level 7 in Shields
  4513 | D:6      | HP: 1/62 [wight/wand of fire (12)]
  4513 | D:6      | Slain by an orc wizard

Action                   |  1- 3 |  4- 6 |  7- 9 || total
-------------------------+-------+-------+-------++-------
Melee: War axe           |    97 |   191 |   197 ||   485
Throw: Tomahawk          |       |       |     4 ||     4
 Abil: Dig               |     3 |    11 |     2 ||    16
  Eat: Chunk             |     2 |     6 |     5 ||    13
       Beef jerky        |       |       |     1 ||     1
